[Event "*** Titled Tuesday Blitz"]
[Site "Chess.com"]
[Date "2021.04.20"]
[Round "3"]
[White "attack2mateU"]
[Black "chessdiamant"]
[Result "1-0"]
[WhiteElo "2709"]
[BlackElo "2340"]
[TimeControl "180+1"]
[EndTime "10:28:10 PDT"]
[Termination "attack2mateU won by checkmate"]

1. e4 e6 2. d4 d5 3. Nc3 Nf6 4. e5 Nfd7 5. f4 c5 6. Nf3 Nc6 7. Be3 cxd4 8. Nxd4 Bc5 9. Qd2 O-O 10. O-O-O a6 11.
Qf2 Qe7 12. Kb1 Nxd4 13. Bxd4 b5 14. Bd3 Bxd4 15. Qxd4 Qc5 16. Ne2 Bb7 17. h4 b4 18.
h5 h6 19. g4 a5 20. Rhg1 a4 21. g5 Kh8 22. gxh6 gxh6 23. f5 Qxd4 24. Nxd4 Nxe5 25. fxe6 Nxd3 26. Rxd3 fxe6 27. Nxe6 Rf6 28. Nc7 Raf8 29.
a3 R8f7 30. Nxd5 Rf1+ 31. Rxf1 Rxf1+ 32. Ka2 b3+ 33. cxb3 axb3+ 34. Kxb3 Rf5 35. Ne7 Rxh5 36. Rd8+ Kg7 37. Rd7 Bg2 38. Nd5+ Kf8 39. Nf4 Rh2 40. Rd2 Rh4 41. Nxg2 Rh2 42. a4 h5 43. a5 h4 44. a6 h3 45. a7 hxg2 46. a8=Q+ Kg7 47. Rd7+ Kf6 48. Qc6+ Ke5 49. Rd5+ Ke4 50. Qc4+ Kf3 51. Rd3+ Ke2 52. Qc2+ Ke1 53. Rd1# 1-0

[Event "*** Titled Tuesday Blitz"]
[Site "Chess.com"]
[Date "2021.04.20"]
[Round "3"]
[White "ClydeHillKid"]
[Black "731291"]
[Result "0-1"]
[WhiteElo "2420"]
[BlackElo "2688"]
[TimeControl "180+1"]
[EndTime "10:28:10 PDT"]
[Termination "731291 won by resignation"]

1. e4 c5 2. Nf3 e6 3. d3 d5 4. Nbd2 Nf6 5. g3 Nc6 6. Bg2 Be7 7. O-O O-O 8. Re1 b6 9. e5 Nd7 10. Nf1 Bb7 11. h4 Qc7 12. Bf4 Rfc8 13. N1h2 Qd8 14.
Ng4 b5 15. Qd2 Bf8 16. a4 a6 17. b3 Nd4 18. Nxd4 cxd4 19. Rec1 Bc6 20. h5 h6 21. Nh2 bxa4 22. bxa4 Rab8 23. Nf3 Bb4 24. Qe2 Bc3 25. Ra2 Rb4 26. g4 Rxa4 27. Rxa4 Bxa4 28. g5 Bb2 29. Rb1 Rxc2 30. Qd1 Nc5 31. gxh6 Rxf2 32.
Kxf2 Bxd1 33. Rxd1 a5 34. Bf1 a4 35. Be2 a3 36.
Rg1 Qf8 37. hxg7 Qb8 38. h6 a2 39. Rh1 a1=Q 40. h7+ Kxg7 41. Rxa1 Bxa1 42. Ng5 Qb2 43. Kf3 Qb1 44. Bg3 Nxd3 45. Kg4 Qc2 46. Bf3 Nc5 47.
Bh4 Qf5+ 48. Kg3 Ne4+ 49. Bxe4 dxe4 50. Kh2 Qxg5 51. Bxg5 Kxh7 52. Bf4 Kg6 53. Kg3 Kf5 54. Bc1 d3 55. Kf2 Bxe5 56. Ke3 Bf4+ 57. Kd4 Bxc1 58. Kc3 Bf4 59. Kb2 Ke5 60. Kc3 Kd5 61. Kb2 Kd4 62. Kb3 e3 63. Kb2 e2 64. Kb3 e1=Q 65. Ka4 Qb1 0-1

[Event "*** Titled Tuesday Blitz"]
[Site "Chess.com"]
[Date "2021.04.20"]
[Round "3"]
[White "MalyDominator"]
[Black "dretch"]
[Result "1/2-1/2"]
[WhiteElo "2456"]
[BlackElo "2771"]
[TimeControl "180+1"]
[EndTime "10:28:11 PDT"]
[Termination "Game drawn by repetition"]

1. e4 e6 2. d4 d5 3. Nd2 c5 4.
exd5 Qxd5 5. Ngf3 cxd4 6. Bc4 Qd6 7. O-O Nf6 8. Nb3 Nc6 9. Nbxd4 Nxd4 10. Nxd4 Bd7 11.
Re1 Be7 12. c3 O-O 13. Qf3 Qc7 14. Bb3 Rfe8 15. Bf4 Bd6 16. Bxd6 Qxd6 17. Rad1 Qc7 18. Bc2 Rad8 19. h4 Qb6 20. b3 e5 21. Nf5 e4 22.
Bxe4 Bxf5 23. Bxf5 Rxe1+ 24. Rxe1 g6 25. Bd3 h5 26.
Bf1 Qd6 27. Qxb7 Ng4 28. g3 Qc5 29. Qf3 Rd2 30. Re2 Rd8 31. Re1 a5 32. c4 Rd2 33.
Re2 Rd8 34. Kg2 Kg7 35. Re1 Kg8 36. Be2 Qa3 37. Rd1 Rxd1 38. Bxd1 Qxa2 39. Qe2 Qa3 40. Qe8+ Kg7 41. Bxg4 hxg4 42. Qe5+ Kg8 43. Qb8+ Kg7 44. Qe5+ Kg8 45. Qb5 Qb2 46. c5 Qe5 47. Kg1 Qe1+ 48. Kg2 Qe4+ 49. Kg1 Qe1+ 50. Kg2 Qe4+ 51. Kh2 Qe1 52. Kg2 1/2-1/2

[Event "*** Titled Tuesday Blitz"]
[Site "Chess.com"]
[Date "2021.04.20"]
[Round "3"]
[White "suneebaker"]
[Black "dpopadic"]
[Result "0-1"]
[WhiteElo "2211"]
[BlackElo "2382"]
[TimeControl "180+1"]
[EndTime "10:28:11 PDT"]
[Termination "dpopadic won by resignation"]

1. e4 c5 2. Nf3 Nc6 3. Bb5 e5 4. O-O d6 5. c3 Bd7 6. Re1 a6 7. Bf1 Nf6 8. h3 Be7 9. d4 Qc7 10. d5 Na7 11. a4 Nc8 12. Nbd2 Rb8 13. a5 O-O 14. Nc4 Ne8 15. Be3 f5 16. exf5 Bxf5 17. Nb6 Nxb6 18. axb6 Qd7 19. c4 Rc8 20. Bg5 h6 21.
Bxe7 Qxe7 22. Bd3 Bd7 23. Bc2 Nf6 24. Nh4 Qf7 25. Ng6 Rfe8 26. Qd2 e4 27. Nf4 g5 28.
Ne2 Re5 29. Ng3 Rce8 30. Re3 h5 31. Rae1 Qg6 32. Ne2 Bf5 33. Nc3 g4 34. h4 Qg7 35. g3 Bh7 36. Ne2 Qf7 37. Nf4 Qd7 38. Qd1 Qd8 39. b4 cxb4 40. Qd4 a5 41. c5 dxc5 42.
Qxc5 Nd7 43. Qxa5 Qxb6 44. Qxb6 Nxb6 45. Rb1 Nc4 46. Re2 Na3 47. Rxb4 Nxc2 48. Rxc2 e3 49. fxe3 Bxc2 50. Rxb7 Be4 51. d6 Rd8 52. Nxh5 Bxb7 53. Nf6+ Kf7 54. Nxg4 Re6 55. Kf2 Rdxd6 56. h5 Rf6+ 57.
Nxf6 Kxf6 58. g4 Kg5 59. Kg3 Kh6 60. Kh4 Rd5 61. e4 Rc5 62. e5 Rb5 63. g5+ Kg7 64.
e6 Re5 65. h6+ Kg6 0-1

[Event "*** Titled Tuesday Blitz"]
[Site "Chess.com"]
[Date "2021.04.20"]
[Round "3"]
[White "ural58"]
[Black "Zmof"]
[Result "1-0"]
[WhiteElo "2457"]
[BlackElo "2227"]
[TimeControl "180+1"]
[EndTime "10:28:11 PDT"]
[Termination "ural58 won by resignation"]

1. e4 c5 2. b3 Nc6 3. Bb2 Nf6 4. e5 Nd5 5. Nf3 d6 6. Bb5 Bg4 7. O-O e6 8. h3 Bh5 9. Bxc6+ bxc6 10. exd6 Qxd6 11.
Na3 Be7 12. Nc4 Qf4 13. Be5 Bxf3 14. Qxf3 Qxf3 15. gxf3 O-O 16. Rfe1 f6 17. Bd6 Kf7 18. c3 Nb6 19. Bxe7 Kxe7 20. Na5 Kd7 21. Re4 Rfe8 22. Rae1 Rab8 23. f4 Nd5 24. Kg2 Rb5 25.
Ra4 Nb6 26. Ra3 Rb8 27. Re4 f5 28. Re5 Kd6 29. d4 cxd4 30. cxd4 Rxe5 31. dxe5+ Kd5 32. b4 Nc4 33. Nxc4 Kxc4 34. Rxa7 Rxb4 35. Rxg7 c5 36. Rxh7 Kd3 37. Re7 c4 38. Rxe6 c3 39. Rc6 Rc4 40. Rxc4 Kxc4 41. e6 c2 42. e7 c1=Q 43. e8=Q Kb4 44.
Qb8+ Ka4 45. Qb3+ Ka5 46. Qd5+ Ka6 47. Qxf5 Qc6+ 48. Kg3 Qc3+ 49. Kh4 Qh8+ 50. Kg5 Qd4 51. Qf6+ 1-0

[Event "*** Titled Tuesday Blitz"]
[Site "Chess.com"]
[Date "2021.04.20"]
[Round "3"]
[White "Grineva_Marianna"]
[Black "AwareIdea"]
[Result "0-1"]
[WhiteElo "2225"]
[BlackElo "2451"]
[TimeControl "180+1"]
[EndTime "10:28:11 PDT"]
[Termination "AwareIdea won by checkmate"]

1. e4 e5 2. Nf3 Nc6 3. Bb5 Nf6 4. Qe2 Bc5 5. h3 O-O 6. c3 Re8 7. d3 a6 8. Ba4 b5 9. Bc2 Bb7 10. Nbd2 d5 11. g4 Qd6 12. Nf1 b4 13. Ng3 Ne7 14.
g5 Nd7 15. h4 Ng6 16. Nf5 Qb6 17. h5 Nf4 18. Bxf4 exf4 19. d4 dxe4 20. N3h4 Bf8 21. Rg1 c5 22. g6 fxg6 23. hxg6 h6 24. Nxh6+ gxh6 25. g7 Bxg7 26. Qg4 Re7 27. Nf5 Qf6 28.
Nxe7+ Qxe7 29. Bb3+ Kf8 30. O-O-O bxc3 31. bxc3 cxd4 32.
Qxf4+ Nf6 33. Rxd4 Rc8 34. Kb2 Rd8 35. Rgd1 Rxd4 36.
Rxd4 h5 37. Rc4 Bd5 38. Rc7 Qe6 39. Ra7 Bxb3 40. axb3 h4 41. Qb8+ Ne8 42. Qh2 Qf6 43. Qh3 e3 44. fxe3 Qxc3+ 45. Ka3 Qa5# 0-1

[Event "*** Titled Tuesday Blitz"]
[Site "Chess.com"]
[Date "2021.04.20"]
[Round "3"]
[White "Harry_Rakkel"]
[Black "Sychev_Klementy"]
[Result "0-1"]
[WhiteElo "2599"]
[BlackElo "2899"]
[TimeControl "180+1"]
[EndTime "10:28:13 PDT"]
[Termination "Sychev_Klementy won on time"]

1. Nf3 d5 2. c4 d4 3. b4 c5 4. bxc5 Nc6 5. Ba3 e5 6. d3 Bxc5 7. Bxc5 Qa5+ 8. Nbd2 Qxc5 9. g3 Nf6 10. Bg2 O-O 11. O-O h6 12. Qb3 Re8 13. Rab1 Rb8 14. Ne1 Bg4 15. Qd1 Qd6 16. h3 Bf5 17.
Rb5 a6 18. Rb2 Re7 19. Qa4 Nd7 20. Nc2 b5 21. Qxa6 Rb6 22. Qa8+ Ndb8 23. cxb5 Ra7 24. bxc6 Rxa8 25. Rxb6 Na6 26. Nc4 Qc5 27. Rfb1 Kh7 28. R1b5 Qf8 29. Rxe5 Be6 30. Be4+ g6 31. Rxe6 fxe6 32.
Rb7+ Kh8 33. Nxd4 Nc5 34. Ne5 Qf6 35. Nxg6+ Kg8 36. Nf4 Nxb7 37. cxb7 Rb8 38. Nfxe6 Qe7 39.
Bd5 Kh8 40. e4 Rxb7 41. Bxb7 Qxb7 42. Kg2 Qb1 43. Nf4 Qxa2 44. Nf5 Qa6 45. h4 Kh7 46. h5 Qc6 47. Ng6 Qa6 48. Nf8+ Kg8 49. Ng6 Qxd3 0-1

[Event "*** Titled Tuesday Blitz"]
[Site "Chess.com"]
[Date "2021.04.20"]
[Round "3"]
[White "FMalexhdez"]
[Black "Rondo_Capriccioso"]
[Result "1/2-1/2"]
[WhiteElo "2213"]
[BlackElo "2427"]
[TimeControl "180+1"]
[EndTime "10:28:13 PDT"]
[Termination "Game drawn - timeout vs insufficient material"]

1. e4 e5 2. Nf3 Nc6 3. Bc4 Be7 4. O-O Nf6 5. Re1 O-O 6. c3 d6 7.
d4 a6 8. dxe5 Nxe5 9. Nxe5 dxe5 10. Nd2 b5 11. Bb3 c5 12. h3 Bb7 13. a4 Qc7 14. Qe2 c4 15. Bc2 Rfd8 16. Nf3 Nd7 17. Be3 Nc5 18. axb5 axb5 19. Rxa8 Bxa8 20. Bc1 h6 21. Rd1 Rxd1+ 22. Qxd1 Bxe4 23. Bxe4 Nxe4 24.
Qd5 Nc5 25. Nxe5 Bd6 26. Nxf7 Qxf7 27. Qxd6 Qxf2+ 28. Kxf2 Ne4+ 29. Ke3 Nxd6 30. Kd4 Kf7 31. Kc5 Ke6 32. Bf4 Ne4+ 33. Kxb5 Kd5 34. Kb4 Nf2 35.
Bg3 Nd3+ 36. Ka3 g5 37. b4 cxb3 38. Kxb3 Nc5+ 39. Kc2 Kc4 40. Be5 Nd3 41. Bg7 h5 42.
Kd2 Nf4 43. Bf6 g4 44. hxg4 hxg4 45. g3 Nd5 46. Be5 Ne7 47. Ke3 Ng6 48. Ke4 Ne7 49. Kf4 Kd5 50. Bd4 Ke6 51. Kxg4 Nf5 52. Kf3 Nd6 53. g4 Kf7 54. Kf4 Kg6 55. g5 Nf5 56. Bf6 Nd6 57. Ke5 Nb5 58. Kd5 Nxc3+ 1/2-1/2

[Event "*** Titled Tuesday Blitz"]
[Site "Chess.com"]
[Date "2021.04.20"]
[Round "3"]
[White "wonderfultime"]
[Black "Goryachkina"]
[Result "1-0"]
[WhiteElo "2962"]
[BlackElo "2658"]
[TimeControl "180+1"]
[EndTime "10:28:14 PDT"]
[Termination "wonderfultime won on time"]

1. d4 Nf6 2. Nf3 d5 3. Bf4 Bf5 4. e3 e6 5. c4 Bxb1 6. Qxb1 Bb4+ 7. Kd1 Bd6 8. Bg5 h6 9. Bh4 c6 10. Bd3 Nbd7 11. Ke2 a5 12. Rd1 Be7 13. Qc2 O-O 14.
Rac1 Rc8 15. Kf1 dxc4 16. Qxc4 Nd5 17. Bg3 Qb6 18. e4 N5f6 19. Rc2 Rfd8 20. h3 Qb4 21. Rdc1 Nb6 22. Qc3 Na4 23. Qb3 Qxb3 24. axb3 Nb6 25. Ke2 Ne8 26. Bf4 Bf6 27. Be3 Nd7 28. g4 Ra8 29. h4 Be7 30. g5 h5 31. g6 fxg6 32.
Rg1 Nf8 33. e5 Nc7 34. Rcc1 Nd5 35. Bd2 a4 36. bxa4 Rxa4 37. Bxg6 Nxg6 38. Rxg6 Kf7 39. Rcg1 Bf8 40. R6g3 Ra2 41. Ng5+ Ke7 42. Rb3 b5 43. Ne4 Kd7 44. Rg5 Rda8 45. Rxh5 Kc7 46. Rh7 Kb6 47. h5 R8a4 48. Kd3 Ra1 49. Rh8 Be7 50. Rg8 Rd1 51.
Rxg7 Nb4+ 52. Ke2 1-0

[Event "*** Titled Tuesday Blitz"]
[Site "Chess.com"]
[Date "2021.04.20"]
[Round "3"]
[White "Diego_FloresQ"]
[Black "Manukyan_Artak"]
[Result "1/2-1/2"]
[WhiteElo "2604"]
[BlackElo "2416"]
[TimeControl "180+1"]
[EndTime "10:28:14 PDT"]
[Termination "Game drawn - insufficient material"]

1. e4 c6 2. d4 d5 3. Nc3 dxe4 4. Nxe4 Nf6 5. Nxf6+ exf6 6. c3 Bd6 7. Bd3 Na6 8. Ne2 Nc7 9. O-O O-O 10. Bf4 Nd5 11.
Bxd6 Qxd6 12. Qd2 Re8 13. Rfe1 Bg4 14. Ng3 Qf4 15. Rxe8+ Rxe8 16. Re1 Kf8 17. Rxe8+ Kxe8 18. Qe1+ Kd8 19. h3 Be6 20. Ne4 b6 21. c4 Ne7 22. b3 Bf5 23. Qe3 Qxe3 24. fxe3 Bxe4 25. Bxe4 f5 26. Bf3 Kc7 27. Kf2 g5 28. g3 f6 29.
Ke2 Kd6 30. Kd3 c5 31. a3 a5 32. Be2 Ng6 33. Bh5 Ne7 34. Kc3 f4 35. gxf4 gxf4 36.
exf4 Nc6 37. dxc5+ bxc5 38. Kd3 f5 39. Bd1 Nd4 40. b4 axb4 41. axb4 Ne6 42. b5 Nxf4+ 43. Ke3 Nxh3 44. Bc2 Ng5 45. Bxf5 h6 46. Be4 Nf7 47. Bd5 Ne5 48. b6 Nd7 49. b7 Kc7 50. Kf4 Nb6 51. Ke5 h5 52. Bf3 Nxc4+ 53. Kd5 Na5 54. Kxc5 Nxb7+ 55. Kd4 h4 56. Bxb7 Kxb7 57. Ke3 h3 58. Kf3 h2 59.
Kg2 h1=Q+ 60. Kxh1 1/2-1/2

[Event "*** Titled Tuesday Blitz"]
[Site "Chess.com"]
[Date "2021.04.20"]
[Round "3"]
[White "Tomekas1"]
[Black "mr65"]
[Result "1/2-1/2"]
[WhiteElo "2466"]
[BlackElo "2134"]
[TimeControl "180+1"]
[EndTime "10:28:14 PDT"]
[Termination "Game drawn by stalemate"]

1. e4 e5 2. Nf3 Nc6 3. Bc4 Nf6 4. Ng5 d5 5. exd5 Na5 6. Bb5+ Bd7 7. Qe2 Be7 8. O-O O-O 9. Nc3 h6 10. Nge4 Nxe4 11. Nxe4 c6 12. dxc6 Nxc6 13. Bxc6 Bxc6 14. d3 f5 15. Nc3 Bd6 16. Kh1 Qf6 17. f4 Rae8 18.
Qf2 e4 19. Be3 exd3 20. cxd3 a6 21. Bc5 Bxc5 22. Qxc5 Qg6 23. Qf2 Re3 24. d4 Rd3 25. Rad1 Rxd1 26. Rxd1 Be4 27. Nxe4 fxe4 28. Qe3 Qg4 29.
Rf1 Qf5 30. g3 Qd5 31. b3 Rd8 32. Rd1 b5 33. Kg2 b4 34. Kf2 a5 35. Qd2 Rc8 36. Rc1 e3+ 37. Qxe3 Rxc1 38. Qxc1 Qxd4+ 39. Qe3 Qb2+ 40.
Qe2 Qd4+ 41. Kg2 Qd5+ 42. Qf3 Qd2+ 43. Qf2 Qd5+ 44. Kh3 Qf5+ 45. g4 Qd3+ 46. Kh4 Qd8+ 47. Kg3 Qd3+ 48. Qf3 Qb5 49. Qa8+ Kh7 50. Qe4+ Kg8 51.
Qc4+ Qxc4 52. bxc4 a4 53. Kf3 b3 54. axb3 a3 55.
c5 Kf8 56. c6 Ke8 57. g5 a2 58.
gxh6 gxh6 59. Kg4 Kd8 60. Kh5 a1=Q 61. Kxh6 Qb2 62. Kg6 Qxb3 63. f5 Qd3 64. h4 Qg3+ 65. Kf7 Qxh4 66. f6 Qh7+ 67. Ke6 Kc7 68. f7 Qg6+ 69.
Ke7 Qg7 70. Ke8 Qe5+ 71. Kf8 Kxc6 72. Kg8 Qg5+ 73. Kh8 Qf6+ 74. Kg8 Qg6+ 75. Kh8 Qxf7 1/2-1/2

[Event "*** Titled Tuesday Blitz"]
[Site "Chess.com"]
[Date "2021.04.20"]
[Round "3"]
[White "Diaschess88"]
[Black "gmcorrales"]
[Result "1-0"]
[WhiteElo "2484"]
[BlackElo "2799"]
[TimeControl "180+1"]
[EndTime "10:28:16 PDT"]
[Termination "Diaschess88 won by resignation"]

1. d4 Nf6 2. c4 g6 3. Nc3 d5 4.
Nf3 Bg7 5. Bg5 Ne4 6. cxd5 Nxg5 7. Nxg5 e6 8. Qd2 exd5 9. Qe3+ Kf8 10. Qf4 Bf6 11.
h4 h6 12. Nf3 c6 13. g4 Be6 14. e3 Nd7 15. Bd3 Qb8 16. Ne2 Qxf4 17. Nxf4 Bxg4 18.
Be2 Bf5 19. O-O-O a5 20. Bd3 Bxd3 21. Nxd3 Ke7 22. h5 g5 23. Nh2 Bg7 24. f4 Nf6 25. Nf3 Ne4 26. Rdg1 f6 27. Nd2 Nxd2 28. Kxd2 Bf8 29.
f5 Kd7 30. Nf2 Be7 31. Kd3 Ke8 32. Re1 Kf7 33. e4 dxe4+ 34. Rxe4 Rad8 35. Rhe1 Rd7 36. Ng4 c5 37. a4 Bd8 38. Kc4 Rc7 39. d5 b6 40. Re6 Rd7 41. d6 b5+ 42. axb5 a4 43. Kxc5 Rb7 44. R1e4 Ra7 45. Kc6 Rf8 46. b6 Ra6 47.
Rb4 a3 48. bxa3 Rxa3 49. b7 Rc3+ 50. Kd7 Ba5 51. b8=Q Bxb4 52. Nxh6+ Kg7 53. Re7+ Kxh6 54. Qxf8+ Kxh5 55. Qh8+ Kg4 56. Qh1 Rd3 57. Qe4+ Kg3 58. Qxd3+ Kh4 59. Re4+ g4 60. Rxb4 1-0

[Event "*** Titled Tuesday Blitz"]
[Site "Chess.com"]
[Date "2021.04.20"]
[Round "3"]
[White "Guzman70"]
[Black "Gulkov_Igor"]
[Result "1/2-1/2"]
[WhiteElo "2321"]
[BlackElo "2526"]
[TimeControl "180+1"]
[EndTime "10:28:16 PDT"]
[Termination "Game drawn by repetition"]

1. d4 Nf6 2. Bf4 g6 3. Nc3 d5 4. Nf3 Bg7 5. e3 O-O 6. Be2 c5 7. dxc5 Qa5 8. O-O Qxc5 9. Ne5 Nc6 10. Nxc6 Qxc6 11. Be5 Be6 12. Qd4 a6 13. Rad1 Rfd8 14. Bf3 Rac8 15. h4 Qc4 16. h5 Qxd4 17. Rxd4 Nxh5 18.
Bxg7 Nxg7 19. Nxd5 Nf5 20. Rd3 Bxd5 21. Bxd5 Nd6 22.
c3 b6 23. Rfd1 Kf8 24. a3 Rc7 25. Ba2 Rdc8 26. f3 Rc5 27. e4 f6 28. Kf2 R8c7 29.
R1d2 a5 30. Ke3 g5 31. g3 h6 32. f4 gxf4+ 33. gxf4 Rh5 34. Rd5 Rxd5 35. Rxd5 Rc5 36. Rxc5 bxc5 37. e5 fxe5 38. fxe5 Nf5+ 39. Kf4 Ng7 40.
Bd5 h5 41. Kg5 e6 42. Bc4 Ke7 43. a4 Nf5 44. Kxh5 Ne3 45. Bd3 Nd1 46. b3 Nxc3 47.
Bc4 Ne4 48. Kg4 Nd2 49. Kf4 Nxc4 50. bxc4 Kf7 51. Kg5 Kg7 52. Kh5 Kh7 53. Kg5 Kg7 54. Kh5 Kh7 55. Kg5 Kg7 1/2-1/2

[Event "*** Titled Tuesday Blitz"]
[Site "Chess.com"]
[Date "2021.04.20"]
[Round "3"]
[White "enriquetejedor"]
[Black "poneis_malditos"]
[Result "1-0"]
[WhiteElo "2634"]
[BlackElo "2272"]
[TimeControl "180+1"]
[EndTime "10:28:17 PDT"]
[Termination "enriquetejedor won by resignation"]

1. d4 Nf6 2. c4 c5 3. d5 e6 4. Nc3 exd5 5. cxd5 d6 6. Nf3 g6 7. h3 Bg7 8. e4 O-O 9. Nd2 Nbd7 10. Be2 Re8 11. O-O a6 12. a4 Qc7 13. Qc2 Rb8 14. a5 b5 15. axb6 Nxb6 16. Ra3 Nfd7 17. Bxa6 Bxa6 18.
Rxa6 c4 19. Ra5 Nc5 20. Nf3 Nxd5 21. Rxc5 Qxc5 22. exd5 Rb3 23. Be3 Qb4 24. Nd1 Bxb2 25. Nxb2 Rxb2 26. Qc1 c3 27. Bd4 Rc8 28. Qh6 Qxd4 29.
Nxd4 c2 30. Nxc2 Rbxc2 31. Re1 R2c5 32. Kh2 Rxd5 33. Qe3 Re5 34. Qd2 Rce8 35. Rxe5 dxe5 36. f3 Re6 37. Qd8+ Kg7 38. Qd1 h5 39. Qa1 g5 40.
h4 g4 41. Kg3 gxf3 42. gxf3 Rg6+ 43. Kf2 Kf6 44. f4 Kf5 45. Qxe5+ Kg4 46. f5 Ra6 47. Qg3+ Kxf5 48. Qg5+ Ke4 49. Qxh5 Rf6+ 50. Kg3 Rf3+ 51. Qxf3+ 1-0

[Event "*** Titled Tuesday Blitz"]
[Site "Chess.com"]
[Date "2021.04.20"]
[Round "3"]
[White "dmitrijiIM"]
[Black "ChessAdvanceUSA"]
[Result "1-0"]
[WhiteElo "2539"]
[BlackElo "2321"]
[TimeControl "180+1"]
[EndTime "10:28:17 PDT"]
[Termination "dmitrijiIM won by resignation"]

1. e4 Nc6 2. Nf3 d6 3. d4 Nf6 4. Nbd2 g6 5. h3 Bg7 6. Bd3 O-O 7. O-O Nd7 8. c3 e5 9. Re1 exd4 10. cxd4 Nxd4 11.
Nxd4 Bxd4 12. Nf3 Bg7 13. Bg5 Bf6 14. Bh6 Bg7 15. Bg5 Bf6 16. Bh6 Bg7 17. Qd2 Ne5 18. Nxe5 dxe5 19. Be3 Be6 20. Qc2 c6 21. a4 Qa5 22. b4 Qd8 23. Rec1 a6 24. Rd1 Qc8 25. Bb6 Bf6 26. Qc3 Re8 27. Be2 Bd8 28. Bxd8 Rxd8 29.
Qxe5 Rxd1+ 30. Rxd1 Qe8 31. Qc7 Qc8 32. Qb6 Rb8 33.
a5 Qe8 34. Bf1 Qe7 35. Bxa6 Bb3 36. Re1 Ba4 37. Bf1 Re8 38. Ra1 Bb3 39. f3 Qe5 40. Rb1 Ba2 41. Rd1 Bb3 42. Rd7 Qb2 43. Qf2 Qa3 44.
Rxb7 Ba4 45. Qd2 Kg7 46. Rd7 h5 47. Rd3 Qa1 48. Qc3+ Qxc3 49. Rxc3 Rd8 50. a6 Ra8 51.
Kf2 Bb5 52. Bxb5 cxb5 53. Ra3 Ra7 54. Ke3 Kf6 55. Kd4 Ke6 56. Kc5 Ke5 57. Kxb5 Re7 58. a7 Kf4 59. a8=Q Re5+ 60. Qd5 1-0

[Event "*** Titled Tuesday Blitz"]
[Site "Chess.com"]
[Date "2021.04.20"]
[Round "3"]
[White "kuba2006"]
[Black "leopato"]
[Result "1-0"]
[WhiteElo "2342"]
[BlackElo "2114"]
[TimeControl "180+1"]
[EndTime "10:28:17 PDT"]
[Termination "kuba2006 won on time"]

1. b3 f5 2. Bb2 Nf6 3. Bxf6 exf6 4. c4 d5 5. cxd5 Qxd5 6. e3 Be6 7.
Nf3 Nc6 8. Bc4 Qd7 9. d4 Bb4+ 10. Nbd2 O-O-O 11. O-O g5 12. a3 Be7 13. g3 h5 14. h4 f4 15. Qe2 g4 16. Ne1 fxe3 17.
Bxe6 Qxe6 18. Qxe3 Nxd4 19. Nc4 Qxe3 20. fxe3 Nxb3 21.
Ra2 Rd1 22. Rb2 Nc5 23. Ng2 Rhd8 24. Nf4 Ne4 25. Kg2 Rxf1 26. Kxf1 Nxg3+ 27. Kg2 Nf5 28. Nxh5 c6 29. Ng3 Nxh4+ 30. Kf2 b5 31. Na5 f5 32. Nxc6 Re8 33. Nxa7+ Kb7 34. Nxb5 Kc6 35.
Nd4+ Kd5 36. Ngxf5 Nxf5 37. Nxf5 Rf8 38. Rb5+ Ke4 39.
Kg3 Rxf5 40. Rxf5 Kxf5 41. e4+ Kg5 42. a4 Bb4 43. e5 Be1+ 44. Kg2 Kf4 45. e6 Bb4 46. a5 Ke5 47. a6 1-0

[Event "*** Titled Tuesday Blitz"]
[Site "Chess.com"]
[Date "2021.04.20"]
[Round "3"]
[White "gmpeter008"]
[Black "kai_nov"]
[Result "1-0"]
[WhiteElo "2468"]
[BlackElo "2318"]
[TimeControl "180+1"]
[EndTime "10:28:19 PDT"]
[Termination "gmpeter008 won by resignation"]

1. d4 d5 2. Bf4 Nf6 3. e3 c5 4. Nf3 Nc6 5. Nbd2 cxd4 6. exd4 Bf5 7. c3 e6 8. Ne5 Bd6 9. Ndf3 Ne4 10. Bd3 O-O 11.
O-O h6 12. Qa4 Bxe5 13. Nxe5 Nxe5 14. Bxe5 Nxc3 15. bxc3 Bxd3 16. Rfe1 a6 17. Rad1 Bf5 18. Re3 Rc8 19. Rg3 f6 20. Bf4 Kh8 21. Qb4 b5 22. h4 Rc4 23. Qa3 Ra4 24. Qc1 Kh7 25. a3 Qe7 26. Re1 Rc8 27. Qd1 Rxa3 28. Qh5 Raxc3 29.
Qxf5+ exf5 30. Rxe7 Rxg3 31. fxg3 Ra8 32. Kf2 Kg8 33. Rb7 a5 34. Rb8+ Rxb8 35. Bxb8 b4 36. Ke3 a4 37. Bd6 b3 38. Ba3 g5 39. h5 Kf7 40. Kd3 Ke6 41. Kc3 f4 42. gxf4 gxf4 43. Kb4 Kf5 44. Kxa4 Kg4 45. Kxb3 Kg3 46. Bd6 Kxg2 47.
Bxf4 Kf3 48. Bxh6 Kg4 49. Bg7 f5 50. h6 f4 51. h7 f3 52. h8=Q f2 53. Qf8 Kg3 54.
Be5+ Kg2 55. Kb4 f1=Q 56. Qxf1+ Kxf1 57. Kc5 Ke2 58. Kxd5 Kd3 59. Ke6 1-0

[Event "*** Titled Tuesday Blitz"]
[Site "Chess.com"]
[Date "2021.04.20"]
[Round "3"]
[White "TST2014"]
[Black "rasmussvane"]
[Result "1-0"]
[WhiteElo "2654"]
[BlackElo "2866"]
[TimeControl "180+1"]
[EndTime "10:28:20 PDT"]
[Termination "TST2014 won by resignation"]

1. d4 d5 2. c4 e6 3. Nf3 a6 4. e3 Nf6 5. Nc3 dxc4 6. a4 c5 7. Bxc4 cxd4 8. exd4 Be7 9. O-O O-O 10. Qe2 Nc6 11.
Rd1 Nb4 12. Ra3 Bd7 13. Ne5 Rc8 14. Rb3 Nfd5 15. Nxd7 Qxd7 16. a5 Rfd8 17. Ne4 Nc6 18. Rg3 Nf6 19. Bh6 g6 20. Nxf6+ Bxf6 21. d5 Nd4 22.
Rxd4 Bxd4 23. dxe6 Qa4 24. exf7+ Kh8 25. b3 Qa1+ 26.
Qf1 Qb2 27. Rf3 Bg7 28. Bg5 Rd2 29. g3 Qc2 30. Bxd2 Qxd2 31. Qd3 Qxd3 32. Rxd3 Bf8 33. Rd7 Rb8 34. Kg2 Kg7 35. Kf3 b6 36. axb6 Rxb6 37. Ke4 a5 38. Ra7 Bb4 39. Ra8 Bf8 40. Rxa5 Rd6 41.
Ra8 Rd2 42. Ke3 Rb2 43. h4 h6 44. f4 Bc5+ 45. Ke4 Bf8 46. g4 Rh2 47. g5 h5 48. Ke5 Rxh4 49. b4 Rh1 50. b5 Rb1 51.
Rb8 h4 52. b6 h3 53. Bd5 h2 54. b7 Rb5 55. Ke6 Rxd5 56. Rxf8 Rb5 57. Rg8+ Kh7 58. f8=Q Rb6+ 59. Kd7 Rxb7+ 60. Kc8 Rf7 1-0

[Event "*** Titled Tuesday Blitz"]
[Site "Chess.com"]
[Date "2021.04.20"]
[Round "3"]
[White "GM_LOADING"]
[Black "PavelShkapenko"]
[Result "1-0"]
[WhiteElo "2530"]
[BlackElo "2712"]
[TimeControl "180+1"]
[EndTime "10:28:20 PDT"]
[Termination "GM_LOADING won by resignation"]

1. e4 e5 2. Nf3 Nc6 3. Bc4 d6 4. O-O Be7 5. d3 Nf6 6. a4 O-O 7. Re1 Kh8 8. h3 Ng8 9. Nc3 f5 10. Nd5 f4 11. d4 Bf6 12. c3 Bd7 13. b4 Be8 14. b5 Na5 15. Ba2 Bh5 16. Ba3 exd4 17. cxd4 Bxf3 18. Qxf3 Bxd4 19. Rad1 Be5 20. Nb4 Qf6 21. Nd5 Qd8 22. Nb4 Qf6 23. Nd3 Ne7 24.
Nxe5 Qxe5 25. Re2 Ng6 26. Bb2 Qe7 27. Rd5 c6 28. Rh5 d5 29. exd5 Qf7 30. Bb1 cxd5 31. Rxh7+ Kxh7 32. Qh5+ Kg8 33. Bxg6 Qxg6 34. Qxg6 Rf7 35.
Bd4 Nc4 36. f3 a6 37. Qe6 axb5 38. axb5 Rd8 39. Kh2 Kf8 40. Rc2 b6 41. Rxc4 dxc4 42. Qxc4 Rd6 43. Qc8+ Ke7 44. Be5 Rd7 45. Bc7 Ke6 46. Bxb6 Kd5 47. Qc6+ Ke5 48. Qe4+ Kf6 49. Bd4+ Kg5 50. b6 Rde7 51. Be5 Rf5 52. Bxf4+ Kf6 53. Qxe7+ Kxe7 54. b7 Rb5 55. b8=Q Rxb8 56. Bxb8 1-0

[Event "*** Titled Tuesday Blitz"]
[Site "Chess.com"]
[Date "2021.04.20"]
[Round "3"]
[White "Legendinunknown"]
[Black "TimofeevAr"]
[Result "1/2-1/2"]
[WhiteElo "2579"]
[BlackElo "2827"]
[TimeControl "180+1"]
[EndTime "10:28:22 PDT"]
[Termination "Game drawn - insufficient material"]

1. d4 Nf6 2. c4 g6 3. Nc3 d5 4. cxd5 Nxd5 5. e4 Nxc3 6. bxc3 Bg7 7. Bc4 c5 8. Ne2 Nc6 9. Be3 O-O 10. h4 cxd4 11. cxd4 Qa5+ 12. Kf1 h6 13. f3 Rd8 14. Rc1 Bd7 15. Qb3 Be8 16. e5 e6 17. g4 Rac8 18. Kf2 Ne7 19. h5 g5 20. f4 gxf4 21. Nxf4 Qa4 22.
Nxe6 Qxb3 23. axb3 fxe6 24. Bxe6+ Bf7 25. Bxc8 Nxc8 26.
Rc7 Nb6 27. Rhc1 Bd5 28. R1c5 Bc6 29. R5xc6 bxc6 30. Rxc6 Nd5 31. Bxh6 Ne7 32. Ra6 Bxh6 33. Rxh6 Rxd4 34. Kf3 Rb4 35. Ra6 Rxb3+ 36. Kf4 Rb7 37.
h6 Kh7 38. Kg5 Nd5 39. Rd6 Nb6 40. Kh5 Nd7 41. Rd5 Nf8 42. g5 Ng6 43. Kg4 Rb4+ 44. Kg3 Re4 45. Rd7+ Kh8 46. Rxa7 Nxe5 47. Kh3 Re3+ 48.
Kg2 Re4 49. Kh3 Ng6 50. Rg7 Nf4+ 51.
Kh2 Ne6 52. Re7 Nxg5 53. Rxe4 Nxe4 54. Kh3 Kh7 55. Kg4 Kxh6 1/2-1/2